 Dungeon Crawl Stone Soup version 0.24.0-1-gfbc8707122 (webtiles) character file.

Game seed: 12768593773024698935, levelgen mode: deterministic

63613 Mesmaeker13 the Destroyer (level 15, -2/72 HPs)
             Began as a Kobold Conjurer on Oct 27, 2019.
             Was a High Priest of Vehumet.
             Killed by divine providence
             ... invoked by a smoke demon
              (12 damage)
             ... on level 3 of the Abyss.
             The game lasted 01:16:02 (26001 turns).

Mesmaeker13 the Destroyer (Kobold Conjurer)        Turns: 26001, Time: 01:16:02

Health: -2/72      AC: 13    Str:  7    XL:     15   Next: 50%
Magic:  29/30      EV: 24    Int: 22    God:    Vehumet [*****.]
Gold:   1128       SH:  0    Dex: 16    Spells: 3/22 levels left

rFire    . . .     SeeInvis +   N - +4 scimitar (flame)
rCold    + . .     Gourm    .   s - +0 buckler
rNeg     . . .     Faith    .   P - +0 steam dragon scales
rPois    .         Spirit   .   H - +3 crown of Dyrovepreva {rElec Int+2 SInv}
rElec    +         Reflect  .   y - +0 cloak
rCorr    .         Harm     .   o - +0 pair of gloves {Str+3}
MR       +....                  (no boots)
Stlth    +.........             K - amulet of regeneration
HPRegen  0.00/turn              O - ring of protection from cold
MPRegen  0.22/turn              d - ring of magical power

@: confused, non-regenerating, badly diseased
A: small, molten scales 1, carnivore, dopey 1, weak 1
a: Renounce Religion


You were on level 3 of the Abyss.
You worshipped Vehumet.
Vehumet was extremely pleased with you.
You were full.

You visited 2 branches of the dungeon, and saw 16 of its levels.
You visited the Abyss 1 time.
You also visited: Ossuary and Ice Cave.

You collected 1128 gold pieces.

Inventory:

Hand Weapons
 N - a +4 scimitar of flaming (weapon)
 T - a +2 demon blade of freezing
 V - a +10 triple crossbow
Missiles
 J - 5 curare-tipped darts (quivered)
Armour
 o - a +0 pair of gloves of strength (worn)
 s - a +0 buckler (worn)
 y - a +0 cloak (worn)
 D - a +2 ring mail of fire resistance
 H - the +3 crown of Dyrovepreva (worn) {rElec Int+2 SInv}
   (You found it on level 5 of the Dungeon)

   It affects your intelligence (+2).
   It insulates you from electricity.
   It lets you see invisible.
 P - +0 steam dragon scales (worn)
Magical Staves
 u - an uncursed staff of wizardry
Jewellery
 b - an uncursed ring of flight
 d - a ring of magical power (right hand)
 e - an uncursed ring of see invisible
 x - an uncursed ring of positive energy {unknown}
 E - the ring "Geugul" {Wiz rPois, unknown}
   (You found it on level 6 of the Lair of Beasts)

   [ring of wizardry]

   It improves your spell success rate.
   It protects you from poison.
 K - an amulet of regeneration (around neck)
 O - a ring of protection from cold (left hand)
 S - an uncursed ring of protection from cold
 W - an uncursed amulet of guardian spirit {unknown}
Wands
 g - a wand of clouds (2)
 w - a wand of scattershot (3)
 Q - a wand of digging (3)
Scrolls
 a - 3 scrolls of enchant armour
 j - 2 scrolls of blinking
 l - 2 scrolls of fear
 n - 8 scrolls of remove curse
 p - a scroll of amnesia
 q - 11 scrolls of teleportation
 v - a scroll of magic mapping {unknown}
 z - a scroll of noise {unknown}
 A - 2 scrolls of immolation {unknown}
 C - a scroll of summoning {unknown}
 I - a scroll of torment {unknown}
 M - a scroll of enchant weapon
 U - a scroll of vulnerability {unknown}
Potions
 f - a potion of resistance
 i - 3 potions of might
 k - a potion of cancellation
 m - a potion of heal wounds
 r - 3 potions of flight
 t - 3 potions of ambrosia
 B - 4 potions of brilliance
 F - a potion of curing
 L - a potion of berserk rage
 R - a potion of haste
Miscellaneous
 G - a lightning rod (4/4)
Comestibles
 c - 32 rations


   Skills:
 + Level 4.9 Long Blades
 + Level 5.7 Armour
 - Level 12.3 Dodging
 - Level 2.6 Stealth
 - Level 5.6 Shields
 - Level 4.0 Spellcasting
 + Level 13.7 Conjurations
 - Level 7.0 Hexes
 - Level 8.4 Translocations
 + Level 8.2 Fire Magic
 - Level 3.0 Air Magic
 - Level 3.5 Poison Magic


You had 3 spell levels left.
You knew the following spells:

 Your Spells              Type           Power        Failure   Level  Hunger
a - Magic Dart            Conj           ####         1%          1    None
b - Searing Ray           Conj           ######       1%          2    #......
c - Fulminant Prism       Conj/Hex       ######....   1%          4    ####...
d - Force Lance           Conj/Tloc      ######..     1%          4    ####...
e - Mephitic Cloud        Conj/Pois/Air  ####....     1%          3    ###....
f - Fireball              Conj/Fire      ######....   1%          5    ######.

Your spell library contained the following spells:

 Spells                   Type           Power        Failure   Level  Hunger
 Venom Bolt               Conj/Pois      #####.....   2%          5    ######.
 Flame Tongue             Conj/Fire      #####        1%          1    None
 Shock                    Conj/Air       ####         1%          1    None
 Blink                    Tloc           N/A          1%          2    #......
 Slow                     Hex            #####...     1%          2    #......
 Throw Flame              Conj/Fire      ######       1%          2    #......
 Conjure Flame            Conj/Fire      ######..     1%          3    ###....
 Dazzling Spray           Conj/Hex       ######       1%          3    ###....
 Ignite Poison            Fire/Tmut/Pois ###.....     1%          3    ###....
 Inner Flame              Hex/Fire       #####...     1%          3    ###....
 Static Discharge         Conj/Air       #####...     1%          3    ###....
 Swiftness                Chrm/Air       ##......     9%          2    #......
 Animate Skeleton         Necr           N/A          11%         1    None
 Pain                     Necr           #...         11%         1    None
 Call Imp                 Summ           #.......     17%         2    #......
 Regeneration             Chrm/Necr      #.........   32%         3    ###....
 Vampiric Draining        Necr           #.........   32%         3    ###....
 Iskenderun's Mystic Bla  Conj           ######..     1%          4    ####...
 Sticky Flame             Conj/Fire      ######..     1%          4    ####...
 Lightning Bolt           Conj/Air       #####.....   2%          5    ######.
 Bolt of Fire             Conj/Fire      ######....   5%          6    #######
 Airstrike                Air            ###.......   9%          4    ####...
 Bolt of Cold             Conj/Ice       ####......   26%         6    #######
 Freezing Cloud           Conj/Ice/Air   ####......   38%         6    #######
 Metabolic Englaciation   Hex/Ice        ###.......   58%         5    ######.
 Animate Dead             Necr           N/A          73%         4    ####...
 Ice Form                 Ice/Tmut       #.......     73%         4    ####...
 Ozocubu's Refrigeration  Ice            #.........   98%         6    #######
 Ignition                 Fire           #####.....   99%         8    #######
 Simulacrum               Ice/Necr       #.........   100%        6    #######
 Ring of Flames           Chrm/Fire      ###.......   100%        7    #######


Dungeon Overview and Level Annotations

Branches:
Dungeon (10/15)            Temple (0/1) D:7            Lair (6/6) D:9
 Shoals (0/4) Lair:2        Snake (0/4) Lair:3        Slime (0/5) Lair:5
    Orc (0/2) D:10        Ossuary (visited)           IceCv (visited)

Altars:
Cheibriados
Dithmenos
Kikubaaqudgha
Makhleb
Qazlal
Ru
Trog
Uskayaw
Vehumet
Xom
Yredelemnul
Jiyva

Shops:
D:7 =

Annotations:
D:7 3 runed translucent doors, EnegeticOcto's ghost, novice MiFi
D:10 2 transporters, EnegeticOcto's ghost, journeyman DDFi
Lair:1 3 runed translucent doors, Fingolfin's ghost, journeyman CeWz
Lair:4 3 runed translucent doors, Kyusiynim's ghost, journeyman GnEn


Innate Abilities, Weirdness & Mutations

You are small and have problems with some larger weapons.
You are carnivorous and can eat meat at any time.
You are partially covered in molten scales. (AC +2)
You are dopey. (Int -2)
You are weak. (Str -2)


Message History

The golden eye blinks at you.
You are more confused.
The golden eye blinks at you.
You are more confused.
You bump into the rock wall.
The ancient zyme misses you. The ancient zyme hits you.
Unknown command.
You hit the ancient zyme but do no damage.
The ancient zyme is almost destroyed.
The golden eye blinks at you.
You easily resist.
The ancient zyme closely misses you. The ancient zyme completely misses you.
You feel ill.
The golden eye blinks!
Unknown command.
The smoke demon gestures at you. Something smites you!
* * * LOW HITPOINT WARNING * * *
You feel ill. The smoke demon gestures at you. Something smites you!
You die...

# .. ### ...
##'### .... ####
.. # .....
..#..†.#
......######.#3..
# #X.@x.?3G#....#
#..######.# ..#
#. . #.G. ..# #
#.#....# ..#....#
# #...##.#.## # .
#.## # ## ..
.....#. # # .#.#
... ...#.#


You could see an ancient zyme, a large abomination, a smoke demon and a golden
eye.

Vanquished Creatures
  A frost giant (IceCv)
  A dire elephant (Lair:6)
  5 hydras
  Erica (D:8)
  A catoblepas (Lair:4)
  2 two-headed ogres
  A death yak (Lair:6)
  An orc knight (D:10)
  Pikel (D:6)
  Maurice (D:10)
  6 elephants (Lair:2)
  4 black mambas
  2 ice statues
  10 spiny frogs
  A catoblepas zombie (Abyss:2)
  7 komodo dragons
  A rime drake (Lair:2)
  16 polar bears
  Grinder (D:4)
  9 blink frogs
  2 small abominations (Abyss:2)
  5 hippogriffs
  A ynoxinul (Abyss:2)
  A vampire (D:10)
  A human (D:7)
  3 wyverns
  A steam dragon (D:9)
  3 basilisks
  4 hogs (D:7)
  40 yaks
  Menkaure (Ossuary)
  A neqoxec (Abyss:2)
  Edmund (D:5)
  2 wargs (D:10)
  4 hungry ghosts
  3 nagas (Lair:3)
  9 water moccasins
  5 porcupines
  A swamp drake (Lair:5)
  A hell hound (Lair:6)
  An ice beast (D:7)
  5 sky beasts
  3 orc warriors
  A hornet zombie (D:9)
  A black bear (Lair:1)
  A necrophage (D:10)
  3 phantoms
  23 wolves
  2 slaves (D:6)
  7 ogres
  A centaur (D:10)
  12 crocodiles
  A big kobold (D:7)
  14 bullfrogs
  3 scorpions
  A troll zombie (D:10)
  A killer bee (D:5)
  6 howler monkeys
  2 vampire bats (Lair:3)
  2 centaur zombies (D:10)
  3 crimson imps
  A bullfrog zombie (D:5)
  2 quasits
  7 orc priests
  6 hounds
  A jelly (D:9)
  A gnoll shaman (D:4)
  Crazy Yiuf (D:4)
  An iron imp (D:8)
  2 bullfrog skeletons
  Jessica (D:2)
  A centaur skeleton (D:5)
  10 worker ants
  Ijyb (D:3)
  7 iguanas
  11 orc wizards
  5 ogre zombies (D:10)
  3 mummies (Ossuary)
  4 worker ant zombies
  4 gnolls
  12 adders
  3 shadow imps
  2 oozes
  An adder zombie (D:5)
  5 worms
  5 dart slugs
  5 leopard geckos
  37 orcs
  5 giant cockroaches
  7 gnoll zombies
  7 goblins
  7 hobgoblins
  21 jackals
  15 kobolds
  4 quokkas
  A ball python (D:2)
  14 bats
  10 frilled lizards
  2 gnoll skeletons (Ossuary)
  5 goblin skeletons
  4 goblin zombies
  5 hobgoblin skeletons
  3 hobgoblin zombies
  A jackal zombie (D:2)
  7 kobold skeletons (Ossuary)
  5 kobold zombies (Ossuary)
  8 orc skeletons
  16 orc zombies
  A quokka skeleton (D:2)
  10 rats
  3 rat skeletons (Ossuary)
  2 rat zombies (Ossuary)
556 creatures vanquished.

Vanquished Creatures (others)
  A rime drake (IceCv)
  A yak (IceCv)
  A water moccasin (D:6)
  2 slaves (D:6)
  A jelly (D:3)
  2 orcs (D:6)
  2 kobold skeletons (Ossuary)
  A rat skeleton (Ossuary)
  A rat zombie (Ossuary)
  146 fulminant prisms
  7 fungi
  6 plants
  3 starspawn tentacles (Abyss:2)
174 creatures vanquished.

Grand Total: 730 creatures vanquished

Notes
Turn   | Place    | Note
-------+----------+-------------------------------------------
     0 | D:1      | Mesmaeker13 the Kobold Conjurer began the quest for the
                  | Orb.
     0 | D:1      | Reached XP level 1. HP: 10/10 MP: 3/3
   236 | D:1      | Reached XP level 2. HP: 15/15 MP: 3/5
   619 | D:1      | Reached XP level 3. HP: 9/19 MP: 2/7
  1567 | D:2      | Learned a level 2 spell: Searing Ray
  1568 | D:2      | Noticed Jessica
  1573 | D:2      | Killed Jessica
  1573 | D:2      | Reached XP level 4. HP: 24/24 MP: 4/8
  2105 | D:2      | Reached XP level 5. HP: 28/28 MP: 2/10
  2213 | D:2      | Found a faded altar of an unknown god.
  2423 | D:2      | Found a sacrificial altar of Ru.
  2423 | D:2      | Found a stormy altar of Qazlal.
  2688 | D:3      | Reached skill level 5 in Conjurations
  2902 | D:3      | Reached XP level 6. HP: 26/32 MP: 6/11
  3473 | D:3      | Learned a level 4 spell: Fulminant Prism
  3945 | D:3      | Noticed a sky beast
  3959 | D:4      | Noticed an ogre
  3962 | D:4      | Killed an ogre
  3962 | D:4      | Reached skill level 5 in Dodging
  3962 | D:4      | Reached skill level 1 in Hexes
  3962 | D:4      | Reached XP level 7. HP: 36/36 MP: 13/13
  4802 | D:4      | Reached skill level 6 in Conjurations
  4944 | D:4      | Found a runed translucent door.
  4945 | D:4      | Noticed Crazy Yiuf
  4959 | D:4      | Killed Crazy Yiuf
  5345 | D:4      | Reached XP level 8. HP: 41/41 MP: 10/14
  5590 | D:4      | Noticed Grinder
  5854 | D:4      | Paralysed by Grinder for 2 turns
  5860 | D:4      | Killed Grinder
  6287 | D:5      | Entered Level 5 of the Dungeon
  6317 | D:5      | Reached skill level 7 in Conjurations
  6450 | D:5      | Found a sand-covered staircase.
  6455 | Ossuary  | Entered an ossuary
  7537 | Ossuary  | Noticed Menkaure
  7548 | Ossuary  | Killed Menkaure
  7548 | Ossuary  | Reached XP level 9. HP: 45/45 MP: 5/15
  8091 | D:5      | Found a hide-covered altar of Uskayaw.
  8097 | D:5      | Noticed Edmund
  8114 | D:5      | Killed Edmund
  8114 | D:5      | Reached skill level 5 in Hexes
  8719 | D:5      | Found an ancient bone altar of Kikubaaqudgha.
  9408 | D:5      | Reached skill level 8 in Conjurations
  9941 | D:5      | Found the +3 crown of Dyrovepreva {rElec Int+2 SInv}
 10324 | D:6      | Found a snail-covered altar of Cheibriados.
 10690 | D:6      | Reached XP level 10. HP: 50/50 MP: 16/16
 10728 | D:6      | Noticed Pikel
 10749 | D:6      | Killed Pikel
 11035 | D:6      | Reached skill level 9 in Conjurations
 11457 | D:6      | Found a basalt altar of Yredelemnul.
 11509 | D:4      | Learned a level 4 spell: Force Lance
 11581 | D:3      | Found a shadowy altar of Dithmenos.
 11631 | D:3      | Noticed Ijyb
 11641 | D:3      | Killed Ijyb
 11917 | D:3      | Reached skill level 1 in Translocations
 12047 | D:7      | Reached skill level 10 in Dodging
 12437 | D:7      | Found a radiant altar of Vehumet.
 12495 | D:7      | Became a worshipper of Vehumet
 12540 | D:7      | Found a staircase to the Ecumenical Temple.
 12715 | D:7      | Found a runed translucent gate.
 12716 | D:7      | Found a runed translucent gate.
 12717 | D:7      | Found a runed translucent gate.
 12720 | D:7      | Noticed EnegeticOcto's ghost (novice MiFi)
 12739 | D:7      | Found a bloodstained altar of Trog.
 12743 | D:7      | Found Iwiev's Jewellery Shop.
 13168 | D:8      | Noticed Erica
 13187 | D:8      | Killed Erica
 13601 | D:8      | Found a shimmering altar of Xom.
 13731 | D:8      | Reached XP level 11. HP: 54/54 MP: 17/17
 13758 | D:8      | Reached skill level 10 in Conjurations
 13892 | D:8      | Noticed a two-headed ogre
 13897 | D:8      | Found a shimmering altar of Xom.
 13900 | D:8      | Found a shimmering altar of Xom.
 13902 | D:8      | Found a shimmering altar of Xom.
 13906 | D:8      | Killed a two-headed ogre
 13906 | D:8      | Reached skill level 1 in Shields
 13908 | D:8      | Found a shimmering altar of Xom.
 13908 | D:8      | Found a shimmering altar of Xom.
 13909 | D:8      | Found a shimmering altar of Xom.
 13909 | D:8      | Found a shimmering altar of Xom.
 14328 | D:8      | Noticed a death drake
 14384 | D:8      | Noticed an elephant
 14411 | D:8      | Found a burning altar of Makhleb.
 14574 | D:8      | Noticed a manticore
 14588 | D:8      | Noticed an orb spider
 14588 | D:8      | a yak changed into an orb spider
 14622 | D:9      | Reached * piety under Vehumet
 14622 | D:9      | Offered knowledge of Flame Tongue by Vehumet.
 14633 | D:9      | Reached skill level 5 in Translocations
 15011 | D:9      | Noticed a two-headed ogre
 15056 | D:9      | Killed a two-headed ogre
 15457 | D:9      | Found a staircase to the Lair.
 15749 | D:10     | Entered Level 10 of the Dungeon
 15833 | D:10     | Noticed an orc knight
 15851 | D:10     | Killed an orc knight
 15941 | D:10     | Reached ** piety under Vehumet
 15941 | D:10     | Offered knowledge of Throw Flame by Vehumet.
 16222 | D:10     | Found a staircase to the Orcish Mines.
 16250 | D:10     | Offered knowledge of Ignite Poison by Vehumet.
 16358 | D:10     | Reached *** piety under Vehumet
 16368 | D:10     | Reached XP level 12. HP: 55/59 MP: 18/18
 16652 | D:10     | Found a transporter.
 16654 | D:10     | Found a transporter.
 16659 | D:10     | Noticed EnegeticOcto's ghost (journeyman DDFi)
 16720 | D:10     | Noticed Maurice
 16727 | D:10     | Killed Maurice
 16727 | D:10     | Reached skill level 11 in Conjurations
 16933 | Lair:1   | Entered Level 1 of the Lair of Beasts
 16986 | Lair:1   | Got a crude jade ring
 16991 | Lair:1   | Learned a level 3 spell: Mephitic Cloud
 17017 | Lair:1   | Identified the ring "Tauke" {Str+4 Int+4} (You found it on
                  | level 1 of the Lair of Beasts)
 17219 | Lair:1   | Reached skill level 1 in Air Magic
 17232 | Lair:1   | Found a runed translucent gate.
 17233 | Lair:1   | Found a runed translucent gate.
 17234 | Lair:1   | Found a runed translucent gate.
 17236 | Lair:1   | Noticed Fingolfin's ghost (journeyman CeWz)
 17657 | Lair:2   | Offered knowledge of Throw Icicle by Vehumet.
 18185 | Lair:2   | Reached skill level 5 in Shields
 18448 | Lair:2   | Reached skill level 1 in Poison Magic
 18568 | Lair:2   | Reached **** piety under Vehumet
 18645 | Lair:2   | Offered knowledge of Irradiate by Vehumet.
 18753 | Lair:2   | Found a staircase to the Shoals.
 19265 | Lair:3   | Reached XP level 13. HP: 57/63 MP: 18/19
 19423 | Lair:3   | Reached skill level 12 in Conjurations
 19584 | Lair:3   | Learned a level 5 spell: Fireball
 19674 | Lair:3   | Reached skill level 1 in Fire Magic
 19733 | Lair:3   | Found a staircase to the Snake Pit.
 20521 | Lair:4   | Reached skill level 1 in Armour
 20579 | Lair:4   | Noticed a catoblepas
 20618 | Lair:4   | Killed a catoblepas
 20979 | Lair:4   | Noticed a seven-headed hydra
 20991 | Lair:4   | Killed a seven-headed hydra
 20991 | Lair:4   | Reached skill level 5 in Fire Magic
 21187 | Lair:4   | Noticed an ice dragon
 21236 | Lair:4   | Found a runed translucent gate.
 21236 | Lair:4   | Found a runed translucent gate.
 21236 | Lair:4   | Found a runed translucent gate.
 21460 | Lair:4   | Noticed Kyusiynim's ghost (journeyman GnEn)
 21637 | Lair:5   | Found a staircase to the Slime Pits.
 21637 | Lair:5   | Found a viscous altar of Jiyva.
 21748 | Lair:5   | Reached ***** piety under Vehumet
 21758 | Lair:5   | Found a frozen archway.
 21770 | IceCv    | Entered an ice cave
 22353 | IceCv    | Offered knowledge of Venom Bolt by Vehumet.
 23097 | IceCv    | Reached XP level 14. HP: 68/68 MP: 20/20
 23313 | IceCv    | Reached skill level 13 in Conjurations
 23399 | IceCv    | Noticed a frost giant
 23437 | IceCv    | Reached skill level 1 in Long Blades
 23657 | IceCv    | Reached XP level 15. HP: 72/72 MP: 21/21
 23659 | IceCv    | Gained mutation: You are dopey. (Int -2) [potion of
                  | mutation]
 23659 | IceCv    | Gained mutation: Scrolls take you a little longer to read.
                  | [potion of mutation]
 23659 | IceCv    | Lost mutation: Scrolls take you a little longer to read.
                  | [potion of mutation]
 23659 | IceCv    | Gained mutation: You are partially covered in molten
                  | scales. (AC +2) [potion of mutation]
 23698 | IceCv    | Killed a frost giant
 23698 | IceCv    | Reached skill level 5 in Armour
 24329 | Lair:6   | Entered Level 6 of the Lair of Beasts
 24468 | Lair:6   | Got a clouded brass ring
 25514 | Lair:6   | Cast into level 2 of the Abyss (a wizard)
 25517 | Abyss:2  | Noticed a tentacled starspawn
 25524 | Abyss:2  | Noticed a bone dragon
 25550 | Abyss:2  | Noticed a tentacled starspawn
 25819 | Abyss:2  | Gained mutation: You are weak. (Str -2) [a neqoxec]
 25881 | Abyss:3  | Noticed an angel
 25896 | Abyss:3  | Found a shimmering altar of Xom.
 25906 | Abyss:3  | Found a shimmering altar of Xom.
 26001 | Abyss:3  | Killed from afar by a smoke demon

Levels and vault maps discovered:
D:1:      dpeg_arrival_circle_labyrinth_c, layout_basic
D:2:      layout_rooms, gammafunk_temple_overflow_elements,
          chequers_ecumenical_altar_island, uniq_jessica
D:3:      layout_basic, nicolae_overflow_hidden_temple, first_ration,
          lemuel_flame_loot_1, uniq_ijyb
D:4:      minmay_razor_zed, layout_gridville, uniq_crazy_yiuf_cottage,
          uniq_grinder
D:5:      kennysheep_windowed_halls, layout_basic, kiku_gazebo_pond_becter,
          eat_drink_and_be_merry_uskayaw, enter_ossuary_3, uniq_edmund
D:6:      layout_loops_ring, lemuel_zombie_altar_yredelemnul,
          cheibriados_altar_1, nicolae_lava_and_water, uniq_pikel
D:7:      layout_basic, lemuel_crystal_altar, marbit_many_paths,
          lemuel_temple_firewalk_a, ebering_ghost_rock_garden, serial_shops,
          nicolae_shop_trees, grunt_livestock
D:8:      layout_cave_pools, makhleb_grotto_becter, xom_shifter_show,
          basic_altar, nrook_campfire, uniq_erica
D:9:      layout_roguey, erik_lair_dragon
D:10:     layout_loops_ring, zombieorc1_lemuel, gammafunk_ghost_hive,
          uniq_maurice
Lair:1:   layout_roguey, ebering_ghost_rock_garden
Lair:2:   layout_chaotic_city, elwin_shoals_entry_rocks,
          infiniplex_staircase_pool
Lair:3:   layout_roguey, minmay_snake_entry_guardpost_small,
          chequers_serial_rivers_small_b, roderic_batcave
Lair:4:   layout_big_grid, gammafunk_ghost_icy, st_stairs_5, grunt_megastairs_2
Lair:5:   layout_hall_layers, slime_altar_1, portal_ice_cave_entry_pillars_1,
          pond, grunt_megastairs_5
Lair:6:   evil_forest, layout_hall_layers
Abyss:3:  hangedman_shadowy_showcase

Skill      XL: |  1  2  3  4  5  6  7  8  9 10 11 12 13 14 15 |
---------------+----------------------------------------------+-----
Dodging        | 3 4 5 6 7 9 10 12 | 12.3
Spellcasting   | 3 4 |  4.0
Conjurations   | 5 6 7 8 9 10 11 12 13 | 13.7
Hexes          | 1 3 4 6 7 |  7.0
Translocations | 3 6 8 |  8.4
Shields        | 3 5 |  5.6
Air Magic      | 3 |  3.0
Poison Magic   | 2 3 |  3.5
Fire Magic     | 6 7 8 |  8.2
Armour         | 3 4 5 |  5.7
Long Blades    | 3 4 |  4.9
Stealth        | |  2.6

Action                   |  1- 3 |  4- 6 |  7- 9 | 10-12 | 13-15 || total
-------------------------+-------+-------+-------+-------+-------++-------
Melee: Short sword       |       |    24 |       |       |       ||    24
       Staff             |       |       |    55 |     3 |       ||    58
       Scimitar          |       |       |       |    95 |   225 ||   320
Throw: Dart              |       |       |     2 |     6 |     4 ||    12
       Throwing net      |       |       |     2 |       |       ||     2
 Cast: Magic Dart        |    53 |   112 |   230 |   180 |    43 ||   618
       Searing Ray       |       |    10 |    47 |    97 |    76 ||   230
       Fulminant Prism   |       |       |    16 |    52 |    79 ||   147
       Force Lance       |       |       |       |    16 |    35 ||    51
       Mephitic Cloud    |       |       |       |     1 |     2 ||     3
Evoke: Wand              |       |     3 |     4 |    15 |    14 ||    36
       Lightning rod     |       |       |       |     5 |     2 ||     7
  Use: Scroll            |     1 |     1 |     9 |     7 |     8 ||    26
       Potion            |       |       |     1 |     4 |    14 ||    19
 Stab: Distracted        |       |       |       |     1 |       ||     1
       Confused          |       |       |       |     5 |       ||     5
       Paralysed         |       |       |       |       |     8 ||     8
  Eat: Chunk             |    11 |     7 |    22 |    43 |    39 ||   122
       Ration            |       |       |     1 |       |       ||     1
Armor: Robe              |       |     8 |    16 |    23 |       ||    47
       Steam dragon scal |       |       |       |    25 |    91 ||   116
       Skin              |       |       |       |       |     1 ||     1
Dodge: Dodged            |     6 |    70 |   133 |   270 |   615 ||  1094
Block: Buckler           |       |       |       |    52 |   187 ||   239
       Rpst.: Scimitar   |       |       |       |    53 |   174 ||   227
